Map: Fracture LE

Players

Demented - Winner!

  • Race: Zerg Zerg
  • League: Platinum
  • Spawn Location: 11:00

Dust

  • Race: Protoss Protoss
  • League: Platinum
  • Spawn Location: 5:00

VOD

Have the link to the VOD?

Description

Time

  • Played on: Oct. 13, 2018, 7:59 p.m.
  • Length: 13:31
Show
View Real Time Build Order
Export as new Build Order

Demented Zerg - Winner!

Build Orders: Hatch First 

Get SALT Encoding   

  12  0:01  Drone  
  13  0:13  Overlord  
  13  0:17  Drone  
  14  0:31  Drone x2  
  16  0:35  Drone  
  17  0:56  Hatchery, Drone  
  17  1:05  Drone  
  17  1:10  Extractor  
  17  1:13  Drone  
  18  1:20  Spawning Pool  
  18  1:24  Drone  
  18  1:34  Drone  
  19  1:41  Drone  
  20  1:54  Overlord  
  20  2:07  Queen  
  22  2:08  Queen  
  22  2:10  Drone x2  
  22  2:14  Zergling x2  
  27  2:19  Zergling x2  
  28  2:23  Metabolic Boost  
  28  2:29  Zergling x2  
  29  2:35  Drone  
  29  2:36  Drone  
  31  2:43  Queen  
  33  2:49  Drone x2  
  33  2:50  Drone  
  36  2:56  Overlord  
  36  3:08  Overlord  
  36  3:13  Hatchery  
  35  3:24  Overlord  
  35  3:25  Drone x5  
  35  3:26  Drone  
  41  3:43  Zergling x8  
  41  3:46  Drone  
  46  3:50  Drone x3  
  46  3:55  Extractor  
  48  3:56  Extractor  
  48  4:00  Overlord  
  47  4:04  Drone  
  47  4:05  Drone x3  
  51  4:13  Overlord  
  51  4:18  Queen  
  51  4:20  Drone x3  
  51  4:22  Drone  
  57  4:25  Queen  
  57  4:27  Drone x2  
  57  4:28  Overlord  
  61  4:42  Evolution Chamber  
  60  4:55  Spore Crawler  
  59  5:00  Spore Crawler  
  59  5:06  Evolution Chamber  
  57  5:08  Evolution Chamber  
  57  5:09  Zerg Missile Weapons Level 1  
  57  5:10  Drone x5  
  57  5:11  Drone x8  
  69  5:14  Queen  
  69  5:15  Overlord x2  
  71  5:27  Lair  
  71  5:30  Extractor  
  71  5:33  Spore Crawler  
  67  5:58  Overlord x4  
  66  6:06  Roach Warren  
  66  6:07  Zerg Ground Armor Level 1  
  64  6:17  Drone x3  
  64  6:18  Baneling Nest  
  64  6:19  Overlord x2  
  64  6:21  Drone x5  
  64  6:22  Drone x3  
  72  6:26  Extractor  
  72  6:29  Extractor  
  72  6:31  Drone x3  
  73  6:33  Hydralisk Den  
  73  6:37  Drone x2  
  73  6:38  Drone  
  75  6:42  Drone  
  76  6:50  Roach x3  
  76  6:51  Roach x8  
  76  6:52  Roach x2  
  102  7:02  Drone x2  
  102  7:07  Zergling x2  
  102  7:08  Zergling x8  
  109  7:11  Centrifical Hooks  
  109  7:19  Overlord x2  
  109  7:26  Zergling x8  
  109  7:28  Baneling  
  109  7:29  Baneling x3  
  112  7:30  Baneling x5  
  112  7:37  Hydralisk x5, Hatchery  
  112  7:38  Hydralisk  
  123  7:46  Hydralisk x3, Muscular Augments  
  123  7:50  Zerg Missile Weapons Level 2  
  129  7:56  Hydralisk x3  
  135  8:01  Overseer  
  135  8:02  Overseer  
  135  8:13  Drone x8  
  135  8:14  Drone x4  
  135  8:18  Overlord x2  
  147  8:32  Infestation Pit  
  146  8:39  Overlord x2  
  146  8:40  Hydralisk x3, Roach x2  
  146  8:41  Roach x2  
  160  8:48  Hydralisk x2  
  160  8:49  Roach x2  
  168  8:56  Zerg Ground Armor Level 2  
  168  8:59  Zerg Melee Weapons Level 1  
  168  9:07  Spire  
  168  9:08  Hive  
  167  9:11  Hydralisk x2, Roach  
  167  9:12  Roach  
  133  9:33  Zergling x8  
  133  9:34  Zergling x14  
  133  9:35  Zergling x16  
  133  9:37  Hydralisk  
  133  9:38  Roach  
  122  9:49  Hydralisk x3, Drone  
  122  9:50  Roach x2  
  127  9:54  Queen  
  127  10:01  Ravager  
  119  10:18  Baneling  
  119  10:19  Hydralisk, Baneling x5  
  119  10:20  Hydralisk x5, Roach  
  119  10:21  Hydralisk, Roach x5  
  135  10:22  Hatchery  
  135  10:27  Extractor  
  135  10:29  Extractor  
  126  10:43  Hydralisk x5  
  126  10:44  Hydralisk x2, Roach x5  
  126  10:45  Roach  
  152  11:04  Hydralisk x2, Ultralisk Cavern  
  152  11:05  Lurker Den, Roach x3  
  152  11:06  Roach  
  152  11:09  Drone x2  
  152  11:10  Drone  
  165  11:19  Hydralisk x3, Roach  
  165  11:20  Roach  
  165  11:21  Overlord x2  
  165  11:24  Overseer x2  
  175  11:38  Queen  
  177  11:41  Hydralisk x3, Roach  
  177  11:42  Roach x3  
  177  11:44  Overlord  
  177  11:46  Overlord  
  191  11:49  Overlord  
  138  12:23  Roach  
  138  12:24  Ultralisk x3  
  138  12:25  Ultralisk x2  
  138  12:26  Hydralisk  
  138  12:27  Roach  
  156  12:41  Hydralisk  
  156  12:42  Hydralisk x4, Roach  
  156  12:43  Roach x2  
  170  12:46  Zergling x6  
  170  12:47  Zergling x2  
  180  13:04  Hydralisk, Drone, Overlord x2  
  180  13:05  Hydralisk, Roach  
Show
View Real Time Build Order
Export as new Build Order

Dust Protoss 

Build Orders:  

Get SALT Encoding   

  12  0:02  Probe  
  13  0:14  Probe  
  13  0:18  Pylon  
  14  0:26  Probe  
  15  0:34  Assimilator  
  15  0:38  Probe  
  16  0:48  Gateway  
  16  0:50  Probe  
  17  1:00  Probe  
  18  1:07  Pylon  
  18  1:08  Probe  
  18  1:17  Probe  
  19  1:23  Assimilator  
  20  1:29  Probe  
  21  1:35  Cybernetics Core  
  21  1:40  Zealot  
  21  1:41  Probe  
  24  1:49  Probe  
  24  1:52  Warp Gate  
  25  1:57  Probe  
  25  2:07  Probe  
  26  2:10  Zealot  
  26  2:12  Pylon  
  29  2:17  Gateway  
  29  2:22  Probe  
  30  2:34  Probe  
  31  2:42  Sentry  
  32  2:52  Nexus  
  32  2:56  Probe  
  33  3:06  Pylon  
  33  3:08  Probe  
  33  3:10  Zealot  
  36  3:24  Pylon  
  36  3:32  Probe  
  37  3:35  Stalker  
  37  3:40  Gateway  
  39  3:44  Probe  
  40  3:56  Probe  
  40  4:01  Phoenix  
  41  4:03  Forge  
  41  4:08  Probe  
  42  4:14  Stalker  
  44  4:17  Pylon  
  44  4:18  Protoss Ground Armor Level 1  
  44  4:22  Probe  
  45  4:33  Zealot  
  45  4:35  Probe  
  45  4:36  Probe  
  49  4:44  Twilight Council  
  49  4:55  Assimilator  
  49  5:01  Probe, Assimilator  
  49  5:03  Zealot  
  49  5:04  Zealot, Pylon  
  54  5:10  Charge  
  54  5:13  Pylon  
  54  5:15  Probe  
  55  5:30  Probe  
  55  5:31  Probe  
  57  5:37  Pylon  
  57  5:43  Probe x2  
  59  5:55  Probe x2  
  61  5:59  Gateway  
  61  6:04  Pylon  
  60  6:09  Probe  
  55  6:12  Stalker x2  
  56  6:21  Zealot  
  56  6:23  Probe  
  59  6:31  Probe  
  59  6:32  Protoss Ground Armor Level 2  
  60  6:33  Probe  
  60  6:35  Gateway  
  60  6:38  Templar Archives  
  60  6:39  Probe  
  61  6:41  Probe  
  63  6:47  Probe  
  63  6:50  Probe  
  65  6:55  Sentry x2  
  69  7:19  Stalker x3  
  69  7:20  Stalker  
  69  7:22  Pylon  
  77  7:28  Psionic Storm  
  77  7:35  Probe  
  78  7:43  Robotics Facility  
  78  7:50  Pylon  
  78  7:52  Zealot x4  
  78  7:55  Probe  
  78  7:57  Probe  
  88  8:07  Probe  
  88  8:10  Pylon  
  89  8:16  High Templar x2  
  89  8:17  High Templar x3  
  99  8:20  Archon  
  99  8:29  Probe  
  99  8:31  Probe  
  101  8:41  Probe  
  102  8:43  Probe  
  102  8:45  Gateway  
  102  8:46  Pylon  
  103  8:53  Probe  
  104  8:57  Pylon  
  104  8:58  Stalker x4  
  104  8:59  Stalker  
  114  9:08  Probe  
  95  9:33  Zealot x3  
  95  9:34  Zealot x2  
  83  9:51  Probe  
  82  9:57  Gateway  
  82  9:59  Pylon  
  74  10:07  Zealot x5  
  74  10:08  Zealot  
  84  10:20  Probe  
  83  10:21  Probe  
  84  10:35  Sentry, Nexus  
  84  10:36  Sentry x2  
  84  10:42  High Templar x3  
  86  10:44  Probe  
  87  10:51  Pylon  
  87  10:56  Probe  
  88  11:00  Protoss Ground Weapons Level 1  
  88  11:02  Probe  
  89  11:09  Forge  
  89  11:10  Immortal  
  93  11:18  Probe, Robotics Bay  
  93  11:24  High Templar  
  93  11:25  High Templar x3  
  102  11:29  Archon  
  102  11:33  Zealot  
  102  11:34  Zealot  
  102  11:36  Probe  
  107  11:45  Assimilator  
  107  11:47  Assimilator  
  107  11:52  Pylon  
  94  12:19  Zealot x4  
  94  12:20  Zealot x2  
  70  12:36  Pylon  
  66  12:40  Stalker x4  
  66  12:41  Stalker x2  
  70  12:57  Zealot  
  70  12:58  Zealot  
  74  13:05  Zealot x2  
  76  13:12  High Templar  
  80  13:13  High Templar  
  80  13:18  Pylon  
Tags
 
Add a new tag
Caveats
  • Supply blocks, unpowered buildings, or Contaminate may cause inaccurate times.
  • Supply counts are checked every 10 seconds.